 Seeded DCSS version 0.29.1-13-g9f3cf754e1 (webtiles) character file.

Game seed: 9845822215292249863 (custom seed)

75600 Sanktem7 the Slayer (level 15, 0/158 HPs)
             Began as a Minotaur Fighter on Jan 7, 2023.
             Was the Champion of Okawaru.
             Slain by an orc knight
             ... wielding a +0 battleaxe of freezing
              (6 damage)
             ... on level 2 of the Orcish Mines on Jan 20, 2023.
             The game lasted 00:40:44 (19134 turns).

Sanktem7 the Slayer (Minotaur Fighter)             Turns: 19134, Time: 00:40:44

Health: 0/158      AC: 29    Str: 36    XL:     15   Next: 10%
Magic:  14/14      EV:  8    Int: 16    God:    Okawaru [******]
Gold:   2134       SH: 11    Dex: 19    Spells: 14/14 levels left

rFire   . . .      SeeInvis .   f - +7 flail (freeze) {mace}
rCold   x . .      Faith    .   l - +0 buckler {rF+}
rNeg    + + +      Spirit   .   I - +8 plate armour "Faaqi" {rN+++ rCorr Str-4 Int+6}
rPois   +          Reflect  +   M - +1 hat
rElec   +          Harm     .   (no cloak)
rCorr   +          Rampage  .   Z - +2 pair of gloves of Athryn Qylu {rElec Regen+}
Will    +....                   u - +2 pair of boots
Stlth   ..........              q - amulet "Jascha Lidi" {Reflect Fly rPois rF- Int+5 SH+5}
HPRegen 1.16/turn               g - ring "Nitorad" {rC- Will- Str+6 Dex+9 Slay+5}
MPRegen 0.14/turn               O - +6 ring of strength

@: flying
A: horns 2, retaliatory headbutt, strong-willed 1
a: Renounce Religion, Heroism, Finesse, Duel


You were on level 2 of the Orcish Mines.
You worshipped Okawaru.
Okawaru was exalted by your worship.
You visited 4 branches of the dungeon, and saw 19 of its levels.

You collected 3541 gold pieces.
You spent 1407 gold pieces at shops.


Innate Abilities, Weirdness & Mutations

You have a pair of horns on your head.
You reflexively headbutt those who attack you in melee.
You are strong-willed. (Will+)


   Skills:
 * Level 21.0 Fighting
 - Level 9.0(14.5) Axes
 * Level 18.0(18.7) Maces & Flails
 - Level 6.0 Throwing
 - Level 9.1 Armour
 - Level 7.1 Shields


You had 14 spell levels left.
You didn't know any spells.
Your spell library contained the following spells:

 Spells                   Type           Power      Damage    Failure   Level
 Magic Dart               Conj           0%         1d3       87%         1
 Slow                     Hex            0%         N/A       87%         1
 Poisonous Vapours        Pois/Air       0%         N/A       95%         2
 Scorch                   Fire           0%         2d5       95%         2
 Confusing Touch          Hex            0%         N/A       99%         3
 Gell's Gravitas          Tloc           0%         N/A       99%         3
 Lesser Beckoning         Tloc           0%         N/A       99%         3
 Mephitic Cloud           Conj/Pois/Air  0%         N/A       99%         3
 Teleport Other           Tloc           0%         N/A       99%         3
 Vampiric Draining        Necr           0%         2d6       99%         3
 Corpse Rot               Necr/Pois/Air  0%         N/A       100%        4
 Flame Wave               Conj/Fire      0%         2d4       100%        4
 Eringya's Noxious Bog    Tmut/Pois      0%         N/A       100%        6
 Call Imp                 Summ           Unusable   N/A       N/A         2
 Summon Forest            Summ/Tloc      Unusable   N/A       N/A         5
 Summon Mana Viper        Hex/Summ       Unusable   N/A       N/A         5
 Summon Cactus Giant      Summ           Unusable   N/A       N/A         6
 Summon Hydra             Summ           Unusable   N/A       N/A         7

Inventory:

Hand Weapons
 f - a +7 flail of freezing (weapon) {mace}
   (You took it off a wight on level 7 of the Dungeon)
Missiles
 m - 4 curare-tipped darts {=fthrowing}
 n - 58 poisoned darts (quivered) {throwing}
 r - 2 throwing nets {=f!fthrowing}
 x - 2 atropa-tipped darts {throwing}
 C - a boomerang of dispersal {=f!fthrowing}
 L - 12 javelins {throwing}
 N - 2 silver javelins {throwing}
 Y - 3 silver boomerangs {throwing}
Armour
 h - a +0 pair of gloves of stealth
   (You found it on level 5 of the Lair of Beasts)
 l - a +0 buckler of fire resistance (worn)
   (You found it on level 2 of the Dungeon)
 u - a +2 pair of boots (worn)
   (You found it on level 2 of the Dungeon)
 G - a +2 pair of gloves
   (You found it on level 8 of the Dungeon)
 I - the +8 plate armour "Faaqi" (worn) {rN+++ rCorr Str-4 Int+6}
   (You bought it in a shop on level 10 of the Dungeon)

   Str:       It affects your strength (-4).
   Int:       It affects your intelligence (+6).
   rN:        It renders you almost immune to negative energy.
   rCorr:     It protects you from acid and corrosion.
 M - a +1 hat (worn)
   (Okawaru gifted it to you on level 1 of the Lair of Beasts)
 Z - the +2 pair of gloves of Athryn Qylu (worn) {rElec Regen+}
   (Okawaru gifted it to you on level 2 of the Orcish Mines)

   rElec:     It insulates you from electricity.
   Regen:     It increases your rate of health regeneration.
Magical Staves
 B - a staff of fire {!astaff}
   (You found it on level 1 of the Orcish Mines)
Jewellery
 g - the ring "Nitorad" (left hand) {rC- Will- Str+6 Dex+9 Slay+5}
   (You acquired it on level 1 of the Dungeon)

   [ring of strength]

   Str:       It affects your strength (+6).
   Dex:       It affects your dexterity (+9).
   Slay:      It affects your accuracy & damage with ranged weapons and melee
   (+5).
   rC:        It makes you vulnerable to cold.
   Will:      It decreases your willpower.
 q - the amulet "Jascha Lidi" (around neck) {Reflect Fly rPois rF- Int+5 SH+5}
   (You acquired it on level 1 of the Dungeon)

   [amulet of reflection]

   It reflects blocked missile attacks.
   Int:       It affects your intelligence (+5).
   rF:        It makes you vulnerable to fire.
   rPois:     It protects you from poison.
   Fly:       It grants you flight.
   SH:        It affects your SH (+5).
 O - a +6 ring of strength (right hand)
   (You found it on level 10 of the Dungeon)
Wands
 y - a wand of polymorph (11)
   (You found it on level 6 of the Dungeon)
 E - a wand of mindburst (8)
   (You took it off an orc on level 4 of the Dungeon)
 H - a wand of light (4)
   (You found it on level 8 of the Dungeon)
 Q - a wand of charming (11)
   (You found it on level 1 of the Lair of Beasts)
 U - a wand of roots (8)
   (You found it on level 3 of the Lair of Beasts)
 V - a wand of digging (4)
   (You found it on level 3 of the Lair of Beasts)
Scrolls
 a - 3 scrolls of fear
 b - 3 scrolls of vulnerability {!r!r}
 e - 9 scrolls of teleportation {@r4}
 t - a scroll of poison
 w - 8 scrolls of butterflies
 F - 2 scrolls of magic mapping {!r}
 J - a scroll of blinking {!r}
 R - 2 scrolls of silence {!r}
 T - a scroll of torment {!r}
 W - a scroll of summoning
Potions
 c - a potion of invisibility
 d - 5 potions of might
 i - 5 potions of magic
 j - 2 potions of cancellation
 k - a potion of attraction {!q}
 o - 10 potions of curing {@q1}
 p - 5 potions of heal wounds {@q2}
 s - a potion of ambrosia
 v - 2 potions of brilliance
 z - a potion of mutation {!q}
 A - 3 potions of lignification {!q}
 D - 3 potions of flight {unknown}
 K - 3 potions of haste {@q3}
 X - 2 potions of degeneration {unknown}
Miscellaneous
 P - a piece from Xom's chessboard (15/15)
   (You found it on level 11 of the Dungeon)
 S - a box of beasts
   (You found it on level 2 of the Lair of Beasts)

Dungeon Overview and Level Annotations

Branches:
Dungeon (11/15) Zot: 25407  Temple (1/1) D:4 Zot: 5966    Lair (5/5) D:10 Zot: 23730
  Swamp (0/4) Lair:3       Spider (0/4) Lair:2        Slime (0/5) Lair:4
    Orc (2/2) D:10 Zot: 10639     Elf (0/3) Orc:2

Altars:
Dithmenos
Elyvilon
Fedhas
Gozag
Kikubaaqudgha
Makhleb
Okawaru
Sif Muna
Vehumet
Wu Jian
Xom
Zin

Shops:
D:10 [   Orc:1 [   Orc:2 ((

Annotations:
D:7 3 runed translucent doors, KittyFluff's ghost, novice GrBe
D:11 1 runed translucent door, 2 transporters, exclusion: 4 orange crystal statues, mandoloar's ghost, journeyman MiFi
Orc:2 1 runed translucent door, stormannn's ghost, journeyman GnEn

##.............
##.##.#
#...##.#####..
##.####
##.###.##...
#...# ###
#.##... # ##.##
#.##... . ###
#..##.o## .# .#
##.##..o##o#.∩#
#..##)o.o...#
##..##@o...#
##..))#####
######


You could see an orc knight (strong), 3 orc warriors, an orc priest (strong) and
an orc wizard (wandering).


Message History

😨 HP[+1]
You hit the orc warrior. You freeze the orc warrior.
You headbutt the orc warrior, but do no damage.
You block the orc warrior's attack.
The orc sorcerer hits you but does no damage. 😨 HP[+1]
You barely miss the orc warrior. Your headbutt misses the orc warrior.
The orc warrior hits you but does no damage.
The orc sorcerer hits you but does no damage. 😨 HP[+1]
You closely miss the orc warrior.
Your headbutt misses the orc warrior. 😨 HP[+1]
You sock the orc warrior! You freeze the orc warrior.
You kill the orc warrior!
Okawaru accepts your kill. You block the orc sorcerer's attack.
You sock the orc warrior! You freeze the orc warrior.
The orc sorcerer gestures wildly while chanting. 😨 HP[+1]
You hit the orc sorcerer. You freeze the orc sorcerer. 😨 HP[+1]
You hit the orc sorcerer. You freeze the orc sorcerer.
The orc warrior hits you but does no damage. 😨 HP[+1]
You bludgeon the orc sorcerer!! You freeze the orc sorcerer!
You kill the orc sorcerer!
Okawaru accepts your kill.
You hear a shout!
An orc knight comes into view. It is wielding a +0 bardiche.
You hear a shout! 😨 HP[+1]
You barely miss the orc warrior. Your headbutt misses the orc warrior.
The orc sorcerer no longer looks unusually strong.
The orc knight roars a battlecry!
The orc sorcerer goes into a battle-frenzy!
The orc warrior barely misses you. You furiously retaliate!
You headbutt the orc warrior!!
You kill the orc warrior!
Okawaru accepts your kill. 😨 HP[+1]
You sock the orc sorcerer! You freeze the orc sorcerer.
You headbutt the orc sorcerer! 😨 HP[+1]
You bludgeon the orc sorcerer!! You freeze the orc sorcerer.
You kill the orc sorcerer!
Okawaru accepts your kill.
Your Fighting skill increases to level 21!
Your Maces & Flails skill increases to level 18! 😨 HP[+1]
You now have 158 max hp (+1).
An orc knight and an orc warrior come into view.
The orc knight is wielding a +0 battleaxe of freezing and wearing a +2 chain mail of poison resistance.
The orc knight shouts!
The orc knight hits you with a +0 bardiche!
* * * LOW HITPOINT WARNING * * *
Items here: )))))) [[[[[ †††. 😨 HP[-12]
You take 12 damage, and now have 50/158 hp.
You bludgeon the orc knight!! You freeze the orc knight!
You headbutt the orc knight.
You hear a shout!
The orc knight hits you with a +0 bardiche.
* * * LOW HITPOINT WARNING * * *
An orc warrior comes into view. It is wielding a +0 halberd. 😨 HP[-5]
You take 5 damage, and now have 45/158 hp.
You hit the orc knight. You freeze the orc knight. You headbutt the orc knight!
The orc knight roars a battlecry!
The orc warrior goes into a battle-frenzy! 😨 HP[+1]
You bludgeon the orc knight!! You freeze the orc knight.
You kill the orc knight!
Okawaru accepts your kill.
The orc warrior hits you but does no damage. 😨 HP[+1]
You hit the orc knight. You freeze the orc knight. You hit the orc knight.
You freeze the orc knight.
The orc warrior hits you with a +0 battleaxe!
* * * LOW HITPOINT WARNING * * *
You block the orc knight's attack.
An orc warrior comes into view. It is wielding a +0 hand axe.
You block the orc warrior's attack. 😱 HP[-12]
You take 12 damage, and now have 35/158 hp.
You hit the orc knight. You freeze the orc knight.
Your headbutt misses the orc knight.
An orc priest comes into view. It is wielding a +0 short sword.
The orc warrior barely misses you.
The orc knight roars a battlecry!
The orcs go into a battle-frenzy!
You block the orc warrior's attack. 😱 HP[+1]
You closely miss the orc knight.
An orc wizard comes into view. It is wielding a +0 dagger.
The orc warrior hits you with a +0 battleaxe!
* * * LOW HITPOINT WARNING * * *
The orc knight hits you with a +0 battleaxe of freezing!
* * * LOW HITPOINT WARNING * * *
The orc knight freezes you.
You die...

Skill      XL: |  1  2  3  4  5  6  7  8  9 10 11 12 13 14 15 |
---------------+----------------------------------------------+-----
Fighting       | 4 5 6 7 9 11 13 15 17 18 20 21 | 21.0
Axes           | 3 4 5 6 8 9 |  9.0
Armour         | 4 5 6 8 9 |  9.1
Shields        | 4 5 6 7 |  7.1
Maces & Flails | 3 6 10 12 14 17 18 | 18.0
Throwing       | 3 5 6 |  6.0

Action                   |  1- 3 |  4- 6 |  7- 9 | 10-12 | 13-15 || total
-------------------------+-------+-------+-------+-------+-------++-------
Melee: War axe           |    62 |    49 |    51 |       |       ||   162
       Headbutt          |     8 |     7 |    29 |    73 |   129 ||   246
       Hand axe          |       |       |    92 |       |       ||    92
       Flail             |       |       |    80 |   322 |   544 ||   946
Throw: Stone             |       |       |     2 |       |       ||     2
  Use: Scroll            |     3 |       |    17 |    10 |     5 ||    35
       Potion            |       |       |       |     2 |     1 ||     3
 Stab: Petrified         |       |       |       |     1 |       ||     1
Armor: Scale mail        |    15 |    21 |    14 |       |       ||    50
       Chain mail        |       |       |    72 |    54 |       ||   126
       Plate armour      |       |       |       |   199 |   280 ||   479
Dodge: Dodged            |    24 |    13 |    67 |   149 |   118 ||   371
Block: Buckler           |    21 |    20 |    93 |   195 |   233 ||   562
       Reflection        |       |       |     6 |     2 |     3 ||    11

Levels and vault maps discovered:
D:1:      giann_bridges, layout_basic
D:2:      layout_loops_cross, ebering_ecumenical_altar_hall
D:3:      layout_basic, uniq_natasha
D:4:      layout_loops_ring, lemuel_temple_firewalk_a, uniq_pikel,
          uniq_eustachio, uniq_menkaure
D:5:      layout_cave_pods, kennysheep_mini_moat
D:6:      layout_basic, serial_bayou_crossing, uniq_grinder
D:7:      layout_cave_pools, ebering_ghost_gozag, grunt_ministairs_3
D:8:      layout_basic, minitemple
D:9:      layout_long_grid
D:10:     layout_loops_cross, mainiacjoe_overflow_brackets,
          erik_lair_orcish_takeover, orc_david_3
D:11:     layout_long_grid, serial_glass, glass_columns_b, glass_columns_a,
          glass_columns_b, glass_columns_b, glass_columns_a, glass_columns_b,
          glass_columns_c, glass_columns_a, gammafunk_ghost_smash,
          chequers_guarded_unrand_ignorance
Temple:   eino_temple_scatter_basement
Lair:1:   layout_gridlike, nicolae_quartered_pool_super,
          chequers_serial_rivers_small_b
Lair:2:   layout_cave_pods, spider_nest_entry_web_field, grunt_megastairs_2,
          lemuel_fruit_tree, infiniplex_staircase_pool_2
Lair:3:   nzn_winding_woodlands_medium [nzn_winding_woodlands_5x5_open_star,
          nzn_winding_woodlands_5x15_jagged,
          nzn_winding_woodlands_5x5_checkerboard,
          nzn_winding_woodlands_5x5_perimeter,
          nzn_winding_woodlands_center_lodge, nzn_winding_woodlands_5x5_cross,
          nzn_winding_woodlands_5x5_closed_star,
          nzn_winding_woodlands_5x15_split_checker,
          nzn_winding_woodlands_5x5_three], layout_loops_ring,
          minmay_swamp_entry_worms
Lair:4:   beast_lair_carwin_large_3, layout_loops_ring, slime_entry_1,
          chequers_serial_rivers_room_b
Lair:5:   gammafunk_lair_ancient_temple, layout_gridlike
Orc:1:    layout_caves, ebering_ghost_xom, serial_shops, nicolae_square_shop,
          uniq_harold, uniq_nergalle, uniq_erolcha
Orc:2:    st_orc_elflike, layout_caves, hellmonk_ghost_happy_afterlife,
          serial_shops, shop, special_room, uniq_azrael

Notes
Turn   | Place    | Note
-------+----------+-------------------------------------------
     0 | D:1      | Sanktem7 the Minotaur Fighter began the quest for the Orb.
     0 | D:1      | Reached XP level 1. HP: 19/19 MP: 0/0
     0 | D:1      | magus.rc [v1.9.6]
   252 | D:1      | Reached XP level 2. HP: 24/27 MP: 1/1
   283 | D:1      | Reached skill level 4 in Fighting
   441 | D:1      | Reached skill level 3 in Axes
   482 | D:1      | Reached XP level 3. HP: 18/33 MP: 2/2
   911 | D:1      | Identified 3 scrolls of acquirement
   911 | D:1      | Acquired the amulet "Jascha Lidi" {Reflect Fly rPois rF-
                  | Int+5 SH+5}
   912 | D:1      | Acquired 813 gold pieces
   914 | D:1      | Acquired the ring "Nitorad" {rC- Will- Str+6 Dex+9 Slay+5}
   958 | D:2      | Reached skill level 4 in Armour
   958 | D:2      | Reached skill level 4 in Shields
  1031 | D:2      | Found a faded altar of an unknown god.
  1190 | D:2      | Upgraded the game from 0.29.1-12-g30fa7ad0bf to
                  | 0.29.1-13-g9f3cf754e1
  1190 | D:2      | magus.rc [v1.9.6]
  1199 | D:2      | You pick up a book of Displacement and begin reading...
  1199 | D:2      | You add the spells Lesser Beckoning, Gell's Gravitas and
                  | Teleport Other to your library.
  1547 | D:2      | Reached XP level 4. HP: 34/41 MP: 3/3
  1873 | D:3      | Reached skill level 4 in Axes
  1987 | D:3      | Found the +4 robe of Augmentation {Str+4 Int+4 Dex+4}
  2018 | D:3      | Noticed Natasha
  2023 | D:3      | Killed Natasha
  2024 | D:3      | Reached skill level 5 in Fighting
  2024 | D:3      | Reached XP level 5. HP: 48/48 MP: 4/4
  2264 | D:3      | You are sucked into a shaft and drop 1 floor!
  2281 | D:4      | Noticed a lemure
  2285 | D:4      | Killed a lemure
  2287 | D:4      | Noticed a lemure
  2287 | D:4      | Noticed a lemure
  2288 | D:4      | Noticed Pikel
  2289 | D:4      | Noticed a lemure
  2291 | D:4      | Noticed Menkaure
  2294 | D:4      | Killed Pikel
  2295 | D:4      | Reached skill level 6 in Fighting
  2295 | D:4      | Reached skill level 5 in Axes
  2295 | D:4      | Reached skill level 5 in Armour
  2295 | D:4      | Reached skill level 5 in Shields
  2295 | D:4      | Reached XP level 6. HP: 58/58 MP: 5/5
  2295 | D:4      | Reached XP level 7. HP: 64/64 MP: 6/6
  2296 | D:4      | Killed Menkaure
  2297 | D:4      | Reached skill level 6 in Axes
  2423 | D:4      | Found a staircase to the Ecumenical Temple.
  2432 | Temple   | Entered the Ecumenical Temple
  2453 | Temple   | Became a worshipper of Warmaster Okawaru
  2703 | D:4      | Reached skill level 7 in Fighting
  2748 | D:4      | Noticed Eustachio
  2759 | D:4      | Killed Eustachio
  3643 | D:5      | Entered Level 5 of the Dungeon
  3654 | D:5      | Reached XP level 8. HP: 71/73 MP: 7/7
  3695 | D:5      | Reached skill level 7 in Axes
  3739 | D:5      | Reached skill level 6 in Shields
  3739 | D:5      | Reached * piety under Okawaru
  3740 | D:5      | Reached skill level 6 in Armour
  3763 | D:5      | Reached skill level 8 in Fighting
  4002 | D:5      | Found an ancient bone altar of Kikubaaqudgha.
  4671 | D:6      | Reached skill level 8 in Axes
  4860 | D:6      | Reached skill level 9 in Fighting
  4860 | D:6      | Reached XP level 9. HP: 71/83 MP: 8/8
  4917 | D:6      | You pick up a book of Minor Magic and begin reading...
  4917 | D:6      | You add the spells Magic Dart and Mephitic Cloud to your
                  | library.
  4944 | D:6      | You pick up a book of Vapours and begin reading...
  4944 | D:6      | You add the spells Poisonous Vapours and Corpse Rot to your
                  | library.
  5040 | D:6      | Noticed Grinder
  5045 | D:6      | Paralysed by Grinder for 5 turns
  5052 | D:6      | Killed Grinder
  5526 | D:7      | Reached skill level 7 in Shields
  5535 | D:7      | Reached ** piety under Okawaru
  5538 | D:7      | Reached skill level 7 in Armour
  5543 | D:7      | Reached skill level 9 in Axes
  5562 | D:7      | Reached skill level 1 in Maces & Flails
  5584 | D:7      | Reached skill level 1 in Throwing
  5856 | D:7      | Found a runed translucent gate.
  5856 | D:7      | Found a runed translucent gate.
  5856 | D:7      | Found an opulent altar of Gozag.
  5857 | D:7      | Found a runed translucent gate.
  5859 | D:7      | Noticed KittyFluff's ghost (novice GrBe)
  5987 | D:7      | Reached skill level 10 in Fighting
  6165 | D:8      | Reached skill level 2 in Maces & Flails
  6180 | D:8      | Reached skill level 2 in Throwing
  6215 | D:8      | You pick up a book of Scorching and begin reading...
  6215 | D:8      | You add the spells Scorch and Flame Wave to your library.
  6418 | D:8      | Acquired 880 gold pieces
  6465 | D:8      | Reached *** piety under Okawaru
  6466 | D:8      | Reached skill level 3 in Maces & Flails
  6520 | D:8      | Found a white marble altar of Elyvilon.
  6529 | D:8      | Found a shadowy altar of Dithmenos.
  6529 | D:8      | Found an ornate altar of the Wu Jian Council.
  6533 | D:8      | Found a blossoming altar of Fedhas.
  6599 | D:8      | Reached skill level 8 in Armour
  6977 | D:9      | Noticed a troll
  6980 | D:9      | Killed a troll
  6981 | D:9      | Reached skill level 11 in Fighting
  6981 | D:9      | Reached skill level 3 in Throwing
  6981 | D:9      | Reached XP level 10. HP: 83/95 MP: 9/9
  7111 | D:9      | Reached skill level 4 in Maces & Flails
  7286 | D:9      | Noticed a boulder beetle
  7313 | D:9      | HP: 24/96 [boulder beetle (10)]
  7316 | D:9      | Killed a boulder beetle
  7316 | D:9      | Reached **** piety under Okawaru
  7711 | D:9      | Reached skill level 4 in Throwing
  7719 | D:9      | Reached skill level 5 in Maces & Flails
  7725 | D:9      | Reached skill level 12 in Fighting
  8455 | D:10     | Entered Level 10 of the Dungeon
  8500 | D:10     | Found Wacaff's Armour Shop.
  8513 | D:10     | Found a staircase to the Orcish Mines.
  8687 | D:10     | Bought the +8 plate armour "Faaqi" {rN+++ rCorr Str-4
                  | Int+6} for 1407 gold pieces
  8720 | D:10     | Found a radiant altar of Vehumet.
  8867 | D:10     | Reached skill level 6 in Maces & Flails
  8867 | D:10     | Reached skill level 5 in Throwing
  8973 | D:10     | Found a staircase to the Lair.
  8990 | D:10     | Reached skill level 13 in Fighting
  9000 | D:10     | HP: 23/101 [yak (12)]
  9007 | D:10     | Reached XP level 11. HP: 24/107 MP: 10/10
  9008 | D:10     | HP: 13/107 [yak (12)]
  9406 | D:10     | Received a gift from Okawaru
  9769 | D:11     | Noticed a five-headed hydra
  9781 | D:11     | Noticed a skeletal warrior
  9781 | D:11     | Noticed a skeletal warrior
  9781 | D:11     | Noticed a skeletal warrior
  9791 | D:10     | HP: 15/107 [skeletal warrior/+0 hand axe (14)]
  9794 | D:10     | Killed a skeletal warrior
  9795 | D:10     | Reached skill level 7 in Maces & Flails
  9798 | D:10     | HP: 22/108 [skeletal warrior/+0 hand axe (14)]
  9800 | D:10     | Killed a skeletal warrior
  9801 | D:10     | Reached skill level 6 in Throwing
 10117 | D:11     | Killed a skeletal warrior
 10118 | D:11     | Reached skill level 14 in Fighting
 10242 | D:11     | Killed a five-headed hydra
 10243 | D:11     | Reached skill level 8 in Maces & Flails
 10270 | D:11     | Reached ***** piety under Okawaru
 10283 | D:10     | Received a gift from Okawaru
 10311 | D:11     | Reached skill level 9 in Maces & Flails
 10412 | D:11     | Identified the +1 robe "Lughuis" {rF+}
 10499 | D:11     | Found the +10 tower shield of Ignorance {rN+ Int-4}
 10506 | D:11     | Found a runed translucent door.
 10526 | D:11     | Found a runed translucent door.
 10655 | D:11     | Noticed mandoloar's ghost (journeyman MiFi)
 10655 | D:11     | Identified the +9 giant spiked club "Zymouts" {venom, MP+9
                  | Str+6 Int+4}
 10655 | D:11     | Noticed a two-headed ogre
 10656 | D:11     | Found a transporter.
 10656 | D:11     | Noticed a two-headed ogre
 10657 | D:11     | Noticed a two-headed ogre
 10659 | D:11     | Noticed a two-headed ogre
 10660 | D:11     | Found a transporter.
 10698 | D:11     | Noticed a five-headed hydra
 10708 | D:11     | Killed a five-headed hydra
 10708 | D:11     | Received a gift from Okawaru
 10717 | D:11     | Identified the +4 trident "Deeckiax" {pain, *Noise MP+9
                  | Int-5 Stlth+}
 10858 | D:11     | Reached skill level 15 in Fighting
 10901 | D:11     | You pick up a book of the Wilderness and begin reading...
 11063 | D:11     | Noticed an orange crystal statue
 11171 | D:11     | Noticed an orange crystal statue
 11171 | D:11     | Noticed an orange crystal statue
 11171 | D:11     | Noticed an orange crystal statue
 11172 | D:11     | Noticed a skeletal warrior
 11172 | D:11     | Noticed a skeletal warrior
 11172 | D:11     | Noticed a skeletal warrior
 11172 | D:11     | Noticed a skeletal warrior
 11172 | D:11     | Noticed a skeletal warrior
 11172 | D:11     | Noticed a seven-headed hydra
 11173 | D:11     | Noticed a two-headed ogre
 11324 | Lair:1   | Entered Level 1 of the Lair of Beasts
 11332 | Lair:1   | You are sucked into a shaft and drop 1 floor!
 11400 | Lair:2   | Reached skill level 10 in Maces & Flails
 11558 | Lair:2   | Reached XP level 12. HP: 113/121 MP: 11/11
 11651 | Lair:2   | Found a hole to the Spider Nest.
 11742 | Lair:2   | Noticed a catoblepas
 11772 | Lair:2   | Killed a catoblepas
 11781 | Lair:2   | Reached skill level 11 in Maces & Flails
 11790 | Lair:2   | Reached skill level 16 in Fighting
 12650 | Lair:2   | Identified a potion of experience
 12657 | Lair:2   | Reached skill level 17 in Fighting
 12657 | Lair:2   | Reached skill level 12 in Maces & Flails
 12657 | Lair:2   | Reached skill level 9 in Armour
 12657 | Lair:2   | Reached XP level 13. HP: 132/132 MP: 12/12
 12658 | Lair:2   | Gained mutation: You are strong-willed. (Will+) [potion of
                  | mutation]
 12658 | Lair:2   | Gained mutation: Your spells are a little easier to cast,
                  | but a little less powerful. [potion of mutation]
 12658 | Lair:2   | Lost mutation: Your spells are a little easier to cast, but
                  | a little less powerful. [potion of mutation]
 12759 | Lair:1   | Reached skill level 13 in Maces & Flails
 13041 | Lair:1   | Received a gift from Okawaru
 13255 | Lair:1   | Received a gift from Okawaru
 13966 | Lair:3   | Reached skill level 14 in Maces & Flails
 14045 | Lair:3   | Reached skill level 18 in Fighting
 14404 | Lair:3   | Found a staircase to the Swamp.
 15049 | Lair:4   | Reached XP level 14. HP: 144/144 MP: 13/13
 15052 | Lair:4   | Reached skill level 15 in Maces & Flails
 15163 | Lair:4   | Reached skill level 19 in Fighting
 15167 | Lair:4   | Received a gift from Okawaru
 15442 | Lair:4   | Found a staircase to the Slime Pits.
 16327 | Lair:5   | Entered Level 5 of the Lair of Beasts
 16354 | Lair:5   | Reached skill level 16 in Maces & Flails
 16366 | Lair:5   | You pick up a book of Debilitation and begin reading...
 16366 | Lair:5   | You add the spells Slow, Vampiric Draining and Confusing
                  | Touch to your library.
 16771 | Lair:5   | Reached skill level 20 in Fighting
 16801 | Lair:5   | Found the ring of the Mage {Wiz Archmagi}
 16811 | Lair:5   | Reached ****** piety under Okawaru
 17123 | Lair:5   | Identified the +1 sling of the Loving Gods {freeze, rElec
                  | rCorr Int-3}
 17131 | Lair:5   | Identified the +7 trident of Pyuc {chaos, Int+2}
 17732 | Orc:1    | Entered Level 1 of the Orcish Mines
 17732 | Orc:1    | Noticed Nergalle
 17741 | Orc:1    | Killed Nergalle
 17742 | Orc:1    | Reached skill level 17 in Maces & Flails
 17772 | Orc:1    | Noticed Harold
 17784 | Orc:1    | Killed Harold
 17903 | Orc:1    | Noticed Erolcha
 17911 | Orc:1    | Killed Erolcha
 17946 | Orc:1    | Found Uthrozu's Antique Armour Shop.
 18008 | Orc:1    | Found a runed translucent door.
 18009 | Orc:1    | Found a shimmering altar of Xom.
 18009 | Orc:1    | Noticed LustLizard's ghost (journeyman MfGl)
 18240 | Orc:1    | Killed LustLizard's ghost
 18240 | Orc:1    | Received a gift from Okawaru
 18265 | Orc:2    | Entered Level 2 of the Orcish Mines
 18324 | Orc:2    | Noticed Azrael
 18347 | Orc:1    | HP: 37/149 [fire elemental[Azrael] (1)]
 18717 | Orc:2    | Killed Azrael
 18812 | Orc:2    | Found a staircase to the Elven Halls.
 18862 | Orc:2    | Found Otoewk's Weapon Boutique.
 18877 | Orc:2    | Noticed stormannn's ghost (journeyman GnEn)
 18880 | Orc:2    | Found a runed translucent door.
 18972 | Orc:2    | Identified the +2 pair of gloves of Athryn Qylu {rElec
                  | Regen+} (Okawaru gifted it to you on level 2 of the Orcish
                  | Mines)
 18972 | Orc:2    | Received a gift from Okawaru
 19069 | Orc:2    | Found Uxkumuis's Antique Weapon Boutique.
 19098 | Orc:2    | Reached XP level 15. HP: 94/157 MP: 14/14
 19127 | Orc:2    | Reached skill level 21 in Fighting
 19127 | Orc:2    | Reached skill level 18 in Maces & Flails
 19132 | Orc:2    | HP: 35/158 [orc warrior/+0 battleaxe (13)]
 19134 | Orc:2    | HP: 6/158 [orc knight/+0 battleaxe of freezing (14)]
 19134 | Orc:2    | Slain by an orc knight

Vanquished Creatures
  The ghost of LustLizard the Wallflower, a journeyman MfGl of Uskayaw (Orc:1)
  Azrael (Orc:2)
  Harold (Orc:1)
  2 boulder beetles
  6 hydras
  Erolcha (Orc:1)
  2 catoblepae
  A merfolk avatar (Lair:5)
  3 death yaks (Lair:4)
  A two-headed ogre (Orc:1)
  A dancing weapon (Orc:1)
  3 orc high priests (Orc:2)
  Nergalle (Orc:1)
  3 skeletal warriors
  2 sea snakes (Lair:5)
  A harpy (Lair:5)
  3 orc knights (Orc:2)
  Pikel (D:4)
  2 cyclopes
  5 orc sorcerers (Orc:2)
  4 black mambas
  6 elephants
  17 cane toads
  An unseen horror (D:11)
  10 rime drakes
  7 komodo dragons
  3 polar bears
  2 trolls
  3 wind drakes (Lair:5)
  Grinder (D:6)
  A hornet (Lair:5)
  A snapping turtle (Lair:5)
  13 dream sheep
  9 blink frogs
  3 wyverns
  63 yaks
  Eustachio (D:4)
  4 fire elementals (Orc:1)
  3 basilisks
  4 steam dragons
  Menkaure (D:4)
  6 wargs
  3 hell hounds (Orc:2)
  2 swamp worms (Lair:3)
  18 water moccasins
  12 orc warriors
  An ice beast (D:5)
  A black bear (D:5)
  A sky beast (D:7)
  4 ogres
  15 wolves
  A centaur (D:7)
  22 bullfrogs
  8 kobold brigands
  A lemure (D:4)
  A necrophage (D:5)
  2 scorpions
  7 wights
  7 howler monkeys
  An electric eel (Lair:1)
  2 jellies
  3 hounds
  2 gnoll boudas
  10 orc priests
  2 iguanas
  Natasha (D:3)
  13 orc wizards
  7 adders
  14 gnolls
  A shadow imp (D:7)
  2 ufetubi (D:5)
  2 worms
  2 dart slugs (D:1)
  59 orcs
  7 ball pythons
  9 bats
  8 endoplasms
  3 giant cockroaches
  3 goblins
  4 hobgoblins
  4 jackals (D:5)
  45 kobolds
  7 quokkas
  4 frilled lizards
  5 rats
530 creatures vanquished.

Vanquished Creatures (others)
  2 orc wizards
  A kobold (D:8)
  A bush (Lair:5)
  10 fungi
  23 plants
37 creatures vanquished.

Grand Total: 567 creatures vanquished

Table legend:
 A = Non-vault XP
 B = Vault XP
 C = Vault XP percentage of total XP
 D = Non-vault monster count
 E = Vault monster count
 F = Vault count percentage of total count
                 A         B        C        D         E       F
            +---------+---------+-------+---------+---------+-------
      Total |   50724 |   37906 |  42.8 |     417 |     113 |  21.3
            +---------+---------+-------+---------+---------+-------
        D:1 |      50 |       0 |   0.0 |      20 |       0 |   0.0
        D:2 |      60 |       0 |   0.0 |      14 |       0 |   0.0
        D:3 |      83 |      35 |  29.7 |      22 |       1 |   4.3
        D:4 |     153 |     968 |  86.4 |      20 |       3 |  13.0
        D:5 |     963 |       0 |   0.0 |      36 |       0 |   0.0
        D:6 |     580 |     277 |  32.3 |      19 |       1 |   5.0
        D:7 |     918 |      86 |   8.6 |      17 |       5 |  22.7
        D:8 |    1333 |       0 |   0.0 |      33 |       0 |   0.0
        D:9 |    3015 |       0 |   0.0 |      35 |       0 |   0.0
       D:10 |    5852 |     945 |  13.9 |      33 |      16 |  32.7
       D:11 |    4693 |       0 |   0.0 |      11 |       0 |   0.0
     Lair:1 |    5736 |       0 |   0.0 |      24 |       0 |   0.0
     Lair:2 |    3511 |    3267 |  48.2 |      20 |       7 |  25.9
     Lair:3 |    6710 |    5496 |  45.0 |      28 |      17 |  37.8
     Lair:4 |    6938 |    4866 |  41.2 |      29 |      12 |  29.3
     Lair:5 |    6735 |    8132 |  54.7 |      25 |      20 |  44.4
      Orc:1 |    2129 |    5312 |  71.4 |      14 |       9 |  39.1
      Orc:2 |    1265 |    8522 |  87.1 |      17 |      22 |  56.4
            +---------+---------+-------+---------+---------+-------

Illustrated notes

Table legend:
 A = Kills in this place as a percentage of kills in entire the game.
 B = Kills by you in this place as a percentage of kills by you in the entire game.
 C = Kills by friends in this place as a percentage of kills by friends in the entire game.
 D = Other kills in this place as a percentage of other kills in the entire game.
 E = Experience gained in this place as a percentage of experience gained in the entire game.
 F = Experience gained in this place divided by the number of levels of this place that you have seen.
                   A       B       C       D       E      F
               +-------+-------+-------+-------+-------+----------------------
         Total | 100.0 | 100.0 |   N/A | 100.0 | 100.0 | 4664.7
       Dungeon |  54.0 |  53.9 |   N/A | 100.0 |  22.6 | 1819.2
          Lair |  34.3 |  34.4 |   N/A |   0.0 |  58.0 | 10278.2
  Orcish Mines |  11.7 |  11.7 |   N/A |   0.0 |  19.4 | 8614.0
               +-------+-------+-------+-------+-------+----------------------

Table legend: (Time is in decaauts)
 A = Elapsed time spent in this place.
 B = Non-inter-level travel time spent in this place.
 C = Inter-level travel time spent in this place.
 D = Time resting spent in this place.
 E = Time spent auto-exploring this place.
 F = Levels seen in this place.
 G = Mean time per level.
                   A        B        C        D        E       F      G
               +--------+--------+--------+--------+--------+-----+--------+
         Total |  19041 |  18314 |    727 |    928 |  14603 |  19 | 1002.2 |
       Dungeon |  11378 |  10949 |    429 |    305 |   8957 |  11 | 1034.4 |
        Temple |     33 |     33 |      0 |      0 |     11 |   1 |   33.0 |
          Lair |   6269 |   5982 |    287 |    270 |   4918 |   5 | 1253.8 |
  Orcish Mines |   1359 |   1348 |     11 |    353 |    717 |   2 |  679.5 |
               +--------+--------+--------+--------+--------+-----+--------+

Top non-repeatable levels by time:
    D:10: 1811 daAuts
     D:9: 1484 daAuts
  Lair:2: 1358 daAuts
  Lair:4: 1335 daAuts
  Lair:5: 1259 daAuts
  Lair:3: 1250 daAuts
    D:11: 1087 daAuts
  Lair:1: 1065 daAuts
     D:1: 950 daAuts
     D:6: 941 daAuts
     D:4: 936 daAuts
     D:3: 933 daAuts
     D:5: 924 daAuts
   Orc:1: 880 daAuts
     D:2: 837 daAuts
